 Dungeon Crawl Stone Soup version 0.29-a0-613-gf2c431b9b9 (webtiles) character file.

Game seed: 10723497964346404553

65 moldycheese5 the Skirmisher (level 3, -1/29 HPs)
             Began as a Demonspawn Abyssal Knight on June 16, 2022.
             Was a Priest of Lugonu.
             Slain by a goblin
             ... wielding a +0 dagger
             ... led by Robin
              (5 damage)
             ... on level 2 of the Dungeon.
             The game lasted 00:03:50 (2449 turns).

moldycheese5 the Skirmisher (DsAK)                  Turns: 2449, Time: 00:03:51

Health: -1/29      AC:  9    Str: 27    XL:     3   Next: 92%
Magic:  4/4        EV:  8    Int: 11    God:    Lugonu [***...]
Gold:   46         SH:  0    Dex: 13    Spells: 2/2 levels left

rFire   . . .      SeeInvis .     - Unarmed
rCold   . . .      Faith    .   (no shield)
rNeg    . . .      Spirit   .   f - +0 chain mail
rPois   .          Reflect  .   (no helmet)
rElec   .          Harm     .   (no cloak)
rCorr   .          Rampage  .   (no gloves)
Will    .....                   (no boots)
Stlth   ..........              (no amulet)
HPRegen 0.09/turn               g - +6 ring of strength
MPRegen 0.09/turn               h - +6 ring of strength

@: no status effects
A: powered by pain 1
a: Renounce Religion, Depart the Abyss, Bend Space, Banish


You were on level 2 of the Dungeon.
You worshipped Lugonu.
Lugonu was most pleased with you.
You visited 1 branch of the dungeon, and saw 2 of its levels.
You visited the Abyss 1 time.

You collected 46 gold pieces.

Inventory:

Armour
 a - a +0 leather armour
 f - a +0 chain mail (worn)
Jewellery
 g - a +6 ring of strength (left hand)
 h - a +6 ring of strength (right hand)
Scrolls
 c - 2 scrolls of identify {unknown}
 j - a scroll of teleportation {unknown}
 k - a scroll of enchant armour {unknown}
Potions
 b - a potion of heal wounds {unknown}
 d - a potion of haste {unknown}
 e - a potion of flight {unknown}
 i - a potion of berserk rage {unknown}


   Skills:
 + Level 3.1 Fighting
 + Level 2.9 Armour
 + Level 1.0 Dodging
 + Level 2.8 Unarmed Combat
 + Level 2.6 Invocations


You had 2 spell levels left.
You didn't know any spells.
Your spell library was empty.

Dungeon Overview and Level Annotations

Branches:
Dungeon (2/15)

Altars:

Annotations:
D:2 Robin


Innate Abilities, Weirdness & Mutations

You sometimes gain a little power by taking damage.


Message History

You are too injured to fight recklessly!
You are too injured to fight recklessly!
You are too injured to fight recklessly!
You are too injured to fight recklessly!
You are too injured to fight recklessly!
You are too injured to fight recklessly!
You are too injured to fight recklessly!
You are too injured to fight recklessly!
The goblin shouts!
You hit the goblin.
The goblin is moderately wounded.
You hear a shout!
The goblin barely misses you. The goblin hits you with a +0 dagger.
You closely miss the goblin.
The goblin is moderately wounded.
You hit the goblin.
You kill the goblin!
Lugonu accepts your kill.
A hobgoblin comes into view.
The goblin barely misses you.
You see here a +0 dagger.
Robin roars a battlecry!
The hobgoblin goes into a battle-frenzy!
The goblin hits you with a +0 dagger.
* * * LOW HITPOINT WARNING * * *
You closely miss the goblin. The goblin hits you with a +0 dagger.
* * * LOW HITPOINT WARNING * * *
Robin throws the goblin at you!
You punch the goblin!
You kill the goblin!
Lugonu accepts your kill.
A goblin comes into view. It is wielding a +0 dagger.
The goblin hits you but does no damage.
You hit the rat.
You kill the rat!
Lugonu accepts your kill.
A goblin comes into view. It is wielding a +0 dagger.
The goblin hits you but does no damage. The goblin hits you with a +0 dagger.
You die...

#. #.# #. ... #.#
.. #!# #.#
..########.# .#.#
...........##.#.#
..............#.#
#...........# #.#
..........g.###.#
#....).)..ggg@g#
#......†.#######
.'........#
##........#
#........#
#........#
#........#
##########


You could see Robin, a hobgoblin (strong) and 3 goblins.

Vanquished Creatures
  A gnoll (D:2)
  A dart slug (D:1)
  5 ball pythons
  5 endoplasms (D:1)
  A giant cockroach (D:1)
  8 goblins
  8 hobgoblins
  4 jackals (D:1)
  A quokka (D:1)
  5 bats
  4 kobolds (D:1)
  6 rats
49 creatures vanquished.

Vanquished Creatures (others)
  65 plants (D:1)
65 creatures vanquished.

Grand Total: 114 creatures vanquished

Notes
Turn   | Place    | Note
-------+----------+-------------------------------------------
     0 | Abyss:1  | moldycheese5 the Demonspawn Abyssal Knight began the quest
                  | for the Orb.
     0 | Abyss:1  | Reached XP level 1. HP: 18/18 MP: 2/2
     0 | D:1      | Escaped the Abyss
    70 | D:1      | Reached ** piety under Lugonu
   443 | D:1      | Gained mutation: You sometimes gain a little power by
                  | taking damage. [demonic ancestry]
   443 | D:1      | Reached XP level 2. HP: 12/24 MP: 3/3
  1170 | D:1      | Reached XP level 3. HP: 10/29 MP: 4/4
  1798 | D:2      | Reached skill level 1 in Dodging
  2426 | D:2      | Reached *** piety under Lugonu
  2427 | D:2      | Noticed Robin
  2449 | D:2      | Slain by a goblin

Illustrated notes

Levels and vault maps discovered:
D:1:      roderic_crop_circles_arrival_small, layout_loops_ring,
          hangedman_decor_points
D:2:      minmay_roachtagon, layout_basic, basic_altar, grunt_decor_clamped,
          uniq_robin

Skill      XL: |  1  2  3 |
---------------+----------+-----
Armour         | 2 |  2.9
Unarmed Combat | 2 |  2.8
Dodging        | 1 |  1.0
Fighting       | |  3.1
Invocations    | |  2.6

Action                   || total
-------------------------++-------
Melee: Unarmed           ||   188
       Punch             ||     9
Invok: Depart the Abyss  ||     1
Armor: Leather armour    ||    11
       Chain mail        ||   110
Dodge: Dodged            ||   119

Table legend: (Time is in decaauts)
 A = Elapsed time spent in this place.
 B = Non-inter-level travel time spent in this place.
 C = Inter-level travel time spent in this place.
 D = Time resting spent in this place.
 E = Time spent auto-exploring this place.
 F = Levels seen in this place.
 G = Mean time per level.
                   A        B        C        D        E       F      G
               +--------+--------+--------+--------+--------+-----+--------+
         Total |   2440 |   2305 |    135 |   1099 |    849 |   3 |  813.3 |
       Dungeon |   2440 |   2305 |    135 |   1099 |    849 |   2 | 1220.0 |
         Abyss |      0 |      0 |      0 |      0 |      0 |   1 |    0.0 |
               +--------+--------+--------+--------+--------+-----+--------+

Top non-repeatable levels by time:
     D:1: 2322 daAuts
     D:2: 118 daAuts
